 Dungeon Sprint DCSS version 0.22-a0-398-g8bb545f (webtiles) character file.

9450 Kidiri the Thaumaturge (level 11, -5/104 HPs)
             Began as a Pale Draconian Conjurer on May 4, 2018.
             Was the Champion of Vehumet.
             Succumbed to Rupert's poison
             ... in the Dungeon (Sprint III: "The Ten Rune Challenge").
             The game lasted 00:21:43 (3718 turns).

Kidiri the Thaumaturge (Pale Draconian Conjurer)    Turns: 3718, Time: 00:21:44

Health: -5/104     AC:  8    Str: 11    XL:     11   Next: 23%
Magic:  13/29      EV: 17    Int: 19    God:    Vehumet [******]
Gold:   32         SH:  0    Dex: 11    Spells: 1/38 levels left

rFire    . . .     SeeInvis .     - Unarmed
rCold    + . .     Gourm    .   (no shield)
rNeg     . . .     Faith    .   (armour unavailable)
rPois    .         Spirit   .   (helmet restricted)
rElec    .         Reflect  .   (no cloak)
rCorr    .         Harm     .   (no gloves)
MR       .....     Clarity  +   (no boots) Stlth +.........NoTele +
                                (no amulet)
HPRegen  0.27/turn              (no ring)
MPRegen  0.21/turn              (no ring)

@: lethally poisoned (-5 -> -51), very slow
A: breathe steam, unfitting armour, clarity, cold resistance 1, shaggy fur 1,
cold-blooded, AC +7
a: Breathe Steam, Renounce Religion


You were in the Dungeon.
You worshipped Vehumet.
Vehumet was exalted by your worship.
You were not hungry.

You visited 1 branch You collected 32 gold pieces.

Inventory:

Scrolls
 j - 4 scrolls of identify
 l - a scroll of torment {unknown}
 m - 3 scrolls of remove curse
 o - a scroll of immolation {unknown}
Potions
 e - a potion of haste
 i - a potion of degeneration {unknown}
 n - 3 potions of flight
Comestibles
 b - 17 rations


   Skills:
 + Level 11.8 Fighting
 + Level 9.8 Dodging
 - Level 1.7 Stealth
 + Level 11.1 Unarmed Combat
 * Level 14.1 Spellcasting
 + Level 11.6 Conjurations
 + Level 6.6 Fire Magic
 + Level 6.6 Air Magic


You had one spell level left.
You knew the following spells:

 Your Spells              Type           Power        Failure   Level  Hunger
a - Magic Dart            Conj           ####         1%          1    None
b - Searing Ray           Conj           ######       1%          2    None
c - Dazzling Spray        Conj/Hex       #####.       1%          3    None
d - Iskenderun's Mystic   Conj           ######..     1%          4    None
e - Force Lance           Conj/Tloc      #####...     1%          4    None
f - Fulminant Prism       Conj/Hex       #####.....   1%          4    None
g - Conjure Flame         Conj/Fire      #####...     1%          3    None
h - Mephitic Cloud        Conj/Pois/Air  #####...     1%          3    None
i - Ignite Poison         Fire/Tmut/Pois ###.....     1%          3    None
j - Blink                 Tloc           N/A          8%          2    None
k - Call Imp              Summ           ##......     8%          2    None
l - Poison Arrow          Conj/Pois      #####.....   17%         6    #####..


Dungeon Overview and Level Annotations

Branches:
Dungeon (1/1)

Altars:
Cheibriados
Dithmenos
Elyvilon
Fedhas
Gozag
Hepliaklqana
Kikubaaqudgha
Makhleb
Nemelex Xobeh
Okawaru
Qazlal
Ru
Sif Muna
Trog
Uskayaw
Vehumet
Wu Jian
Xom
Yredelemnul
Zin
The Shining One
Beogh
Jiyva
Lugonu

Annotations:
D exclusion: 4 doors, Rupert


Innate Abilities, Weirdness & Mutations

You can breathe blasts of scalding, opaque steam.
Your pale cyan-grey scales are hard. (AC +7)
You cannot fit into any form of body armour.
You are cold-blooded and may be slowed by cold attacks.
You possess an exceptional clarity of mind.
Your flesh is cold resistant. (rC+)
You are covered in fur. (AC +1)


Message History

There is an open door, spattered with blood here.
You feel sick.
You enter the shallow water.
Moving in this stuff is going to be slow.
You feel very sick.
Rupert rages.
Rupert hits you with a battleaxe of venom!
You feel sick.
Rupert hits you with a battleaxe of venom!!
* * * LOW HITPOINT WARNING * * *
You are more poisoned.
There is an open door, spattered with blood here.
Unknown command.
Okay, then.
Unknown command.
Unknown command.
Unknown command.
You enter the shallow water.
Moving in this stuff is going to be slow.
You die...

≈≈≈...♣.'.⌠........#
≈≈≈≈≈♣..#...######)#
≈≈≈≈....#.⌠.#__#...#+############
≈≈≈.....#...#__#...#..§§§+.#.+.).
≈.......#+###__#...#.#≈§§#.#(#)..
........#.))#__#...'.#§§§#.#.#.).
........#___#__+...#.#§§§#...#...
▓▓▓▓▓▓▓▓▓▓▓▓▓▓▓▓▓▓▓▓▓▓▓▓▓▓▓▓▓▓▓▓▓
≈≈≈≈≈♣♣....÷♣♣♣♣@≈≈........≈≈≈...
≈§§≈≈♣♣.≈≈≈≈'♣♣'♣≈≈≈≈≈≈≈≈≈≈≈≈♣♣P.
§.§≈≈.'.....#.@♣♣♣♣♣♣♣♣♣♣♣♣♣♣♣♣PP
§§≈≈.♣♣♣♣♣♣♣#..♣♣ ♣♣♣ ≈≈≈≈≈♣
###+♣♣♣♣♣ ###### ♣♣♣♣.##..##
....... ♣†..##.##.# #######
♣♣.##†##.##+ ♣..#.##...#


You could see Rupert (berserk).

Vanquished Creatures
  Josephine (D)
  A centaur warrior (D)
  Urug (D)
  An unseen horror (D)
  A lindwurm (D)
  A deep elf mage (D)
  2 spiny frogs (D)
  A rime drake (D)
  A komodo dragon (D)
  A queen bee (D)
  3 wandering mushrooms (D)
  2 tyrant leeches (D)
  5 blink frogs (D)
  3 redbacks (D)
  A shadow (D)
  A spatial vortex (D)
  A swamp drake (D)
  A necrophage (D)
  2 centaurs (D)
  An earth elemental (D)
  A water elemental (D)
  A scorpion (D)
  32 killer bees (D)
  A jelly (D)
  A wizard (D)
  Jessica (D)
  A necromancer (D)
  A kobold demonologist (D)
  3 humans (D)
  2 oozes (D)
  A rat (D)
76 creatures vanquished.

Vanquished Creatures (others)
  2 draconian scorchers (D)
  6 hellions (D)
  2 yaktaurs (D)
  A fulminant prism (D)
  A plant (D)
12 creatures vanquished.

Grand Total: 88 creatures vanquished

Notes
Turn   | Place    | Note
-------+----------+-------------------------------------------
     0 | D        | Kidiri the Draconian Conjurer began the quest for the Orb.
     0 | D        | Reached XP level 1. HP: 14/14 MP: 3/3
    11 | D        | Reached skill level 1 in Fighting
    11 | D        | Reached skill level 1 in Unarmed Combat
    98 | D        | Killed a yaktaur
   102 | D        | Killed a hellion
   104 | D        | Killed a hellion
   113 | D        | Killed a hellion
   119 | D        | Killed a hellion
   119 | D        | Killed a hellion
   128 | D        | Reached skill level 3 in Spellcasting
   128 | D        | Reached XP level 2. HP: 20/24 MP: 1/6
   132 | D        | Learned a level 2 spell: Searing Ray
   146 | D        | Killed a white draconian scorcher
   175 | D        | Killed a hellion
   195 | D        | Noticed Jessica
   202 | D        | Killed Jessica
   202 | D        | Reached skill level 4 in Spellcasting
   202 | D        | Reached XP level 3. HP: 26/30 MP: 0/8
   207 | D        | Learned a level 3 spell: Dazzling Spray
   259 | D        | Killed a white draconian scorcher
   281 | D        | Noticed a scorpion
   289 | D        | Killed a scorpion
   289 | D        | Reached skill level 5 in Spellcasting
   289 | D        | Reached skill level 5 in Conjurations
   289 | D        | Reached XP level 4. HP: 40/40 MP: 0/11
   295 | D        | Learned a level 4 spell: Iskenderun's Mystic Blast
   313 | D        | Gained mutation: Your tail ends in a poisonous barb. [potion of mutation]
   314 | D        | Lost mutation: Your tail ends in a poisonous barb. [potion of mutation]
   314 | D        | Gained mutation: You are robust. (+10% HP) [potion of mutation]
   314 | D        | Gained mutation: You possess an exceptional clarity of mind. [potion of mutation]
   315 | D        | Lost mutation: You are robust. (+10% HP) [potion of mutation]
   315 | D        | Gained mutation: Your flesh is cold resistant. (rC+) [potion of mutation]
   315 | D        | Gained mutation: You are covered in fur. (AC +1) [potion of mutation]
   420 | D        | Killed a yaktaur
   521 | D        | Learned a level 4 spell: Force Lance
   523 | D        | Noticed a water elemental
   561 | D        | Killed a water elemental
   561 | D        | Reached skill level 6 in Spellcasting
   561 | D        | Reached XP level 5. HP: 6/47 MP: 8/13
   828 | D        | Found a radiant altar of Vehumet.
   829 | D        | Found a deep blue altar of Sif Muna.
   829 | D        | Found an ancient bone altar of Kikubaaqudgha.
   831 | D        | Reached skill level 5 in Fighting
   843 | D        | Became a worshipper of Vehumet
   923 | D        | Found a glowing silver altar of Zin.
   924 | D        | Found a glowing golden altar of the Shining One.
   924 | D        | Found a white marble altar of Elyvilon.
   924 | D        | Noticed a deep elf mage
   932 | D        | HP: 3/72 [deep elf mage/long sword of holy wrath (2)]
   934 | D        | Killed a deep elf mage
   934 | D        | Reached skill level 5 in Dodging
   934 | D        | Reached skill level 8 in Spellcasting
   934 | D        | Reached XP level 6. HP: 4/60 MP: 1/17
   934 | D        | Your scales start taking on a pale cyan-grey colour.
   934 | D        | Reached XP level 7. HP: 5/66 MP: 1/19
   945 | D        | Learned a level 4 spell: Fulminant Prism
   949 | D        | Learned a level 3 spell: Conjure Flame
  1230 | D        | Found a hide-covered altar of Uskayaw.
  1230 | D        | Found a roughly hewn altar of Beogh.
  1230 | D        | Found an iron altar of Okawaru.
  1230 | D        | Found a bloodstained altar of Trog.
  1230 | D        | Found an ornate altar of the Wu Jian Council.
  1230 | D        | Noticed a human
  1230 | D        | Noticed a human
  1235 | D        | Killed a human
  1235 | D        | Reached skill level 9 in Spellcasting
  1236 | D        | Killed a human
  1236 | D        | Reached * piety under Vehumet
  1236 | D        | Offered knowledge of Flame Tongue by Vehumet.
  1353 | D        | Learned a level 3 spell: Mephitic Cloud
  1356 | D        | Found a basalt altar of Yredelemnul.
  1356 | D        | Found a shadowy altar of Dithmenos.
  1356 | D        | Found a sacrificial altar of Ru.
  1475 | D        | Noticed a shadow
  1476 | D        | Killed a shadow
  1476 | D        | Reached ** piety under Vehumet
  1476 | D        | Offered knowledge of Sting by Vehumet.
  1476 | D        | Reached skill level 10 in Spellcasting
  1476 | D        | Reached XP level 8. HP: 74/74 MP: 17/22
  1501 | D        | Found a blossoming altar of Fedhas.
  1501 | D        | Found a stormy altar of Qazlal.
  1502 | D        | Found a snail-covered altar of Cheibriados.
  1502 | D        | Found a burning altar of Makhleb.
  1502 | D        | Found a hazy altar of Hepliaklqana.
  1502 | D        | Found a shimmering altar of Xom.
  1502 | D        | Found an opulent altar of Gozag.
  1502 | D        | Found a sparkling altar of Nemelex Xobeh.
  1502 | D        | Found a corrupted altar of Lugonu.
  1502 | D        | Found a viscous altar of Jiyva.
  1600 | D        | Noticed Josephine
  1629 | D        | Killed Josephine
  1629 | D        | Offered knowledge of Static Discharge by Vehumet.
  1629 | D        | Reached skill level 11 in Spellcasting
  1629 | D        | Reached XP level 9. HP: 78/83 MP: 2/24
  1826 | D        | Reached *** piety under Vehumet
  1902 | D        | Noticed a centaur warrior
  1914 | D        | Offered knowledge of Ignite Poison by Vehumet.
  1929 | D        | Killed a centaur warrior
  1929 | D        | Reached skill level 10 in Fighting
  1929 | D        | Reached skill level 12 in Spellcasting
  1929 | D        | Reached skill level 10 in Conjurations
  1962 | D        | Learned a level 3 spell: Ignite Poison
  1965 | D        | Learned a level 2 spell: Blink
  1968 | D        | Learned a level 2 spell: Call Imp
  2365 | D        | Killed an unseen horror
  2365 | D        | Reached **** piety under Vehumet
  2365 | D        | Reached skill level 1 in Fire Magic
  2365 | D        | Reached skill level 1 in Air Magic
  2440 | D        | Offered knowledge of Throw Icicle by Vehumet.
  2444 | D        | Reached ***** piety under Vehumet
  2456 | D        | Noticed a queen bee
  2458 | D        | Reached XP level 10. HP: 82/94 MP: 13/26
  2465 | D        | Reached ****** piety under Vehumet
  2603 | D        | Offered knowledge of Bolt of Cold by Vehumet.
  2604 | D        | Reached skill level 10 in Unarmed Combat
  2759 | D        | Offered knowledge of Iron Shot by Vehumet.
  2765 | D        | Reached skill level 13 in Spellcasting
  2888 | D        | Noticed a spiny frog
  2888 | D        | Noticed a spiny frog
  2899 | D        | Killed a spiny frog
  2903 | D        | Killed a spiny frog
  2903 | D        | Reached skill level 5 in Fire Magic
  2903 | D        | Reached skill level 5 in Air Magic
  3198 | D        | Noticed a lindwurm
  3208 | D        | Killed a lindwurm
  3208 | D        | Offered knowledge of Conjure Ball Lightning by Vehumet.
  3312 | D        | Noticed Urug
  3320 | D        | Killed Urug
  3320 | D        | Reached XP level 11. HP: 102/102 MP: 23/28
  3483 | D        | Offered knowledge of Poison Arrow by Vehumet.
  3483 | D        | Reached skill level 14 in Spellcasting
  3666 | D        | Learned a level 6 spell: Poison Arrow
  3695 | D        | Noticed Rupert
  3717 | D        | HP: 2/104 [Rupert/battleaxe of venom (29)]
  3718 | D        | Succumbed to Rupert's poison

Vault maps used:
D:        dungeon_sprint_mu

Skill      XL: |  1  2  3  4  5  6  7  8  9 10 11 |
---------------+----------------------------------+-----
Fighting       | 1 2 3 4 7 8 9 10 11 | 11.8
Unarmed Combat | 1 2 3 4 6 7 8 9 10 11 | 11.1
Spellcasting   | 3 4 5 6 8 10 11 12 13 14 | 14.1
Conjurations   | 5 6 7 8 9 10 11 | 11.6
Dodging        | 2 5 6 7 8 9 |  9.8
Fire Magic     | 2 6 |  6.6
Air Magic      | 2 6 |  6.6
Stealth        | |  1.7

Action                   |  1- 3 |  4- 6 |  7- 9 | 10-12 || total
-------------------------+-------+-------+-------+-------++-------
Melee: Unarmed           |    15 |     6 |    33 |    35 ||    89
       Tailslap          |       |       |     3 |     4 ||     7
       Punch             |       |       |     2 |     2 ||     4
 Cast: Magic Dart        |    21 |     9 |     4 |    31 ||    65
       Dazzling Spray    |       |     6 |    16 |    18 ||    40
       Searing Ray       |       |     2 |     6 |       ||     8
       Iskenderun's Myst |       |     5 |       |     1 ||     6
       Force Lance       |       |       |     5 |     8 ||    13
       Conjure Flame     |       |       |     6 |     4 ||    10
       Mephitic Cloud    |       |       |     9 |    11 ||    20
       Ignite Poison     |       |       |     3 |     6 ||     9
       Call Imp          |       |       |     1 |       ||     1
       Fulminant Prism   |       |       |       |     1 ||     1
       Poison Arrow      |       |       |       |     2 ||     2
 Abil: Breathe Steam     |       |       |     5 |     9 ||    14
  Use: Potion            |       |     9 |     2 |     1 ||    12
       Scroll            |       |     1 |       |       ||     1
 Stab: Confused          |       |       |     1 |     3 ||     4
       Invisible         |       |       |       |     3 ||     3
       Sleeping          |       |       |       |     1 ||     1
  Eat: Chunk             |       |     1 |     5 |     3 ||     9
       Ration            |       |       |     1 |       ||     1
Armor: Skin              |     5 |     2 |     6 |     4 ||    17
Dodge: Dodged            |     8 |     7 |    31 |    37 ||    83

Table legend:
 A = Spawn XP
 B = Non-spawn XP
 C = Spawn XP percentage of total XP
 D = Spawn monster count
 E = Non-spawn monster count
 F = Spawn count percentage of total count
 G = Total turns spent on level
                    A         B        C        D         E        F      G
               +---------+---------+-------+---------+---------+-------+---------
         Total |       0 |   13501 |   0.0 |       0 |      76 |   0.0 |  3718
               +---------+---------+-------+---------+---------+-------+---------
             D |       0 |   13501 |   0.0 |       0 |      76 |   0.0 |  3718
               +---------+---------+-------+---------+---------+-------+---------
